 Dungeon Crawl Stone Soup version 0.20-a0-466-gc52d0eb (webtiles) character file.

161098 Kriby the Tortoise (level 16, -2/226 HPs)
             Began as a Minotaur Fighter on Jan 11, 2017.
             Was the Champion of Okawaru.
             Shot with an arrow by a satyr (9 damage)
             ... on level 3 of the Shoals on Jan 13, 2017.
             The game lasted 01:03:43 (30501 turns).

Kriby the Tortoise (Minotaur Fighter)              Turns: 30501, Time: 01:03:44

Health: -2/226     AC: 28    Str: 23    XL:     16   Next: 93%
Magic:  19/19      EV:  2    Int:  7    God:    Okawaru [******]
Gold:   1608       SH:  0    Dex: 19    Spells: 15/15 levels left

rFire  . . .     SeeInvis .     a - +1 double sword of Menimuck {venom, MR- Int+2 Stlth+}
rCold  . . .     Gourm    .     (armour currently unavailable)
rNeg   + + +     Faith    .     c - +0 shield
rPois  +         Spirit   .     (helmet currently unavailable)
rElec  .         Reflect  +     (cloak currently unavailable)
rCorr  .         Harm     .     (gloves currently unavailable)
MR     .....     NoTele   +     (boots currently unavailable)
Stlth  +.........               q - +3 amulet of reflection
                                Z - +4 ring of dexterity
                                Q - ring of positive energy

@: confused, tree-form, afraid, heroism, engulfed, very slightly contaminated,
hasted and slowed, glowing, studying Ice Magic
A: (retaliatory headbutt), (horns 0), blurry vision 1
}: 1/15 runes: gossamer
a: Heroism, Finesse, Renounce Religion


You were on level 3 of the Shoals.
You worshipped Okawaru.
Okawaru was exalted by your worship.
You were not hungry.
You were a tree.
You visited 4 branches of the dungeon, and saw 23 of its levels.
You visited the Abyss 1 time.
You also visited: Ice Cave.

You collected 1608 gold pieces.

Inventory:

Hand Weapons
 a - the +1 double sword of Menimuck (weapon) {venom, MR- Int+2 Stlth+}
   (Okawaru gifted it to you on level 6 of the Lair of Beasts)

   It poisons the flesh of those it strikes.
   It affects your intelligence (+2).
   It affects your resistance to hostile enchantments.
   It makes you more stealthy.
 b - the +6 dagger of Patterns {pierce, rC++}
   (You found it on level 2 of the Lair of Beasts)

   It inflicts extra damage upon your enemies.
   It greatly protects you from cold.
 L - a +1 triple sword of electrocution
Missiles
 s - 10 steel javelins (quivered)
Armour
 c - a +0 shield (worn)
 h - a +0 large shield
 k - a +2 hat (melded)
 D - a +2 plate armour of fire resistance (melded)
 M - the +1 pair of gloves of Eternity (melded) {rElec rPois Slay+5 Stlth-}
   (Okawaru gifted it to you on level 6 of the Lair of Beasts)

   It affects your accuracy and damage with ranged weapons and melee attacks
   (+5).
   It insulates you from electricity.
   It protects you from poison.
   It makes you less stealthy.
 O - the +0 cloak of Orae (melded) {-Cast rElec Str+10 Dex-4}
   (You found it on level 6 of the Lair of Beasts)

   It affects your strength (+10).
   It affects your dexterity (-4).
   It insulates you from electricity.
   It prevents spellcasting.
 R - a +2 pair of boots of stealth (melded)
Jewellery
 g - a +2 ring of strength
 q - a +3 amulet of reflection (around neck)
 Q - a ring of positive energy (left branch)
 Z - a +4 ring of dexterity (right branch)
Wands
 j - a wand of digging (9/24)
 m - a wand of disintegration (20/24)
 u - a wand of acid (7/15)
 v - a wand of digging (9/24)
 S - a wand of polymorph (0/24)
 X - a wand of iceblast (11/15)
Scrolls
 i - 3 scrolls of enchant weapon
 r - 14 scrolls of remove curse
 x - 5 scrolls of amnesia
 y - 2 scrolls of fog
 C - 8 scrolls of teleportation
 E - a scroll of fear
 G - 5 scrolls of recharging
 K - 2 scrolls of enchant armour
 N - 14 scrolls of identify
 T - a scroll of silence
 V - a scroll of summoning {unknown}
 Y - 3 scrolls of magic mapping
Potions
 d - 6 potions of might
 e - 3 potions of lignification
 l - 4 potions of cancellation
 p - 4 potions of flight
 t - 7 potions of curing
 w - 2 potions of berserk rage
 F - 3 potions of resistance
 H - 2 potions of ambrosia
 U - 3 potions of agility
Books
 z - a manual of Ice Magic
Miscellaneous
 I - a lamp of fire
 P - a fan of gales
Comestibles
 f - 10 bread rations
 n - 4 meat rations
 o - 4 beef jerkies
 A - 11 slices of pizza
 W - 25 fruits


   Skills:
 - Level 16.2(21.2) Fighting
 - Level 16.2(21.2) Long Blades
 + Level 17.2(22.2) Armour
 - Level 13.1(18.1) Dodging
 + Level 15.6(20.6) Shields
 - Level 6.4 Invocations


You had 15 spell levels left.
You didn't know any spells.

Dungeon Overview and Level Annotations

Branches:
Dungeon (10/15)            Temple (0/1) D:7            Lair (6/6) D:8
 Shoals (3/4) Lair:2       Spider (4/4) Lair:3        Slime (0/5) Lair:6
    Orc (0/2) D:9

Altars:
Dithmenos
Fedhas
Gozag
Makhleb
Okawaru
Xom
Zin
The Shining One
Beogh

Shops:
D:10 =

Annotations:
Lair:5 exclusion: oklob plant


Innate Abilities, Weirdness & Mutations

((You reflexively headbutt those who attack you in melee.))
((You have a pair of horns on your head.))
Scrolls take you a little longer to read.


Message History

* * * LOW HITPOINT WARNING * * *
The faun hits you with an uncursed spear!
* * * LOW HITPOINT WARNING * * *
The sea snake bites you but does no damage.
Press: ? - help, v - describe, . - travel, g - get item
Here: a faun, wielding a spear (moderately wounded)
An arrow.
The floor, spattered with blood.
Unknown command.
You cannot move. (Use ctrl+direction to attack without moving.)
You slice the faun!!
The faun looks as sick as possible!
The faun is severely wounded.
The water elemental hits you. The faun hits you but does no damage.
You closely miss the water elemental.
The water elemental is severely damaged.
The faun no longer looks unusually strong.
The sea snake bites you.
* * * LOW HITPOINT WARNING * * *
The satyr shoots an arrow.
The arrow hits you!
You die...

≈≈≈ ≈≈)(≈≈≈≈≈≈≈
≈≈≈ .≈≈.≈≈≈≈≈≈≈≈
≈≈≈≈ ......≈≈≈≈≈
≈≈≈≈.#.(...≈≈(≈≈
≈≈≈..#...≈≈.≈..≈
≈≈.....c≈≈≈≈....
≈≈>...SEc≈≈≈....
#♣cc≈.....
##c.≈.##.
#..≈..##.
###..≈≈≈...
##..[.....≈≈
##..≈....≈≈≈≈ ≈
#.≈≈≈###.≈≈≈. ≈≈
#.≈≈.# .≈### ≈≈.
#.≈.## ..#


You could see a satyr, a sea snake, 4 fauns and a water elemental.

Vanquished Creatures
  Arachne (Spider:3)
  The ghost of dondy the Impaler, an adept MfVM of Sif Muna (Spider:4)
  A kraken (Shoals:2)
  Donald (Spider:3)
  Roxanne (Spider:3)
  8 emperor scorpions
  5 ghost moths
  2 entropy weavers (Spider:3)
  3 spark wasps (Spider:4)
  A merfolk javelineer (Shoals:2)
  3 merfolk impalers (Shoals:2)
  10 hydras
  3 catoblepae (Lair:6)
  2 two-headed ogres
  A merfolk aquamancer (Shoals:2)
  The ghost of Gottschkopf the Grappler, a novice DrTm of Sif Muna (D:8)
  11 death yaks
  A merfolk avatar (Shoals:2)
  An unseen horror (D:10)
  3 sea snakes
  9 harpies (Shoals:1)
  22 wolf spiders
  A shining eye (Lair:6)
  11 orb spiders
  13 fauns
  A cyclops (Shoals:3)
  2 ugly things (IceCv)
  4 manticores
  A moth of wrath (Spider:4)
  6 elephants (Lair:6)
  3 ice statues (IceCv)
  2 water nymphs (Shoals:2)
  A black mamba (Lair:5)
  4 merfolk sirens
  3 torpor snails
  8 spiny frogs
  3 rime drakes
  16 demonic crawlers
  7 komodo dragons
  18 merfolk
  23 jumping spiders
  2 polar bears (Lair:6)
  Prince Ribbit (D:6)
  9 hornets
  23 blink frogs
  2 wind drakes (Shoals:1)
  3 dream sheep (Shoals:3)
  8 hippogriffs
  6 snapping turtles
  66 redbacks
  16 tarantellas
  6 water elementals
  49 yaks
  4 hogs (D:7)
  A hungry ghost (D:8)
  A human (D:7)
  2 steam dragons
  14 water moccasins
  Duvessa (D:7)
  8 porcupines
  2 hell hounds (D:8)
  2 orc warriors
  A black bear (D:7)
  7 ice beasts
  A necrophage (D:9)
  2 ogres (D:8)
  2 sky beasts
  A phantom (D:4)
  39 wolves
  5 centaurs
  17 crocodiles
  2 big kobolds (D:9)
  17 bullfrogs
  A wyvern skeleton (D:6)
  3 scorpions
  Dowan (D:7)
  3 wights (D:3)
  2 howler monkeys
  An electric eel (Spider:4)
  4 crimson imps
  3 centaur zombies
  7 hounds
  2 jellies
  12 orc wizards
  A quasit (D:8)
  2 bullfrog skeletons
  8 orc priests
  Crazy Yiuf (D:5)
  3 iguanas
  4 hell rats (Lair:6)
  3 worker ants
  14 adders
  A shadow imp (D:10)
  A white imp (D:5)
  2 oozes
  An adder zombie (D:8)
  5 worms
  3 dart slugs (D:1)
  9 leopard geckos
  34 orcs
  A ball python (D:2)
  9 bats
  8 giant cockroaches
  14 goblins
  10 hobgoblins
  6 jackals
  12 quokkas
  6 frilled lizards
  4 goblin zombies (D:5)
  A hobgoblin zombie (D:5)
  14 kobolds
  A kobold skeleton (D:5)
  2 kobold zombies (D:5)
  A leopard gecko skeleton (D:8)
  2 orc skeletons (D:5)
  2 orc zombies (D:5)
  2 quokka skeletons
  4 rats
  4 tentacles (Shoals:2)
772 creatures vanquished.

Vanquished Creatures (others)
  Asterion (Spider:3)
  A merfolk javelineer (Shoals:1)
  A satyr (Shoals:3)
  A yak (Lair:6)
  An orc wizard (D:6)
  A hell rat (Lair:6)
  7 fungi
  5 plants
  6 tentacles (Shoals:2)
24 creatures vanquished.

Grand Total: 796 creatures vanquished

Notes
Turn   | Place    | Note
-------+----------+-------------------------------------------
     0 | D:1      | Kriby the Minotaur Fighter began the quest for the Orb.
     0 | D:1      | Reached XP level 1. HP: 19/19 MP: 0/0
   104 | D:1      | Reached XP level 2. HP: 27/27 MP: 1/1
   580 | D:1      | Reached XP level 3. HP: 34/34 MP: 2/2
  1197 | D:2      | Reached skill level 5 in Fighting
  1197 | D:2      | Reached XP level 4. HP: 33/42 MP: 3/3
  2274 | D:3      | Reached skill level 5 in Long Blades
  2274 | D:3      | Reached XP level 5. HP: 33/50 MP: 4/4
  2395 | D:3      | Reached XP level 6. HP: 45/57 MP: 5/5
  2794 | D:3      | You fall through a shaft for 2 floors!
  2794 | D:5      | Entered Level 5 of the Dungeon
  2904 | D:5      | Found a glowing golden altar of the Shining One.
  3360 | D:4      | Reached XP level 7. HP: 11/66 MP: 6/6
  4726 | D:3      | Found a blossoming altar of Fedhas.
  5327 | D:5      | Found a runed door.
  5363 | D:5      | Noticed Crazy Yiuf
  5365 | D:5      | Killed Crazy Yiuf
  5460 | D:5      | Reached XP level 8. HP: 73/75 MP: 7/7
  5883 | D:6      | Noticed Prince Ribbit
  5893 | D:6      | Killed Prince Ribbit
  6142 | D:6      | Reached skill level 10 in Fighting
  6311 | D:6      | Gained mutation: You passively map a small area around you. [potion of beneficial mutation]
  6392 | D:6      | Found a shadowy altar of Dithmenos.
  6394 | D:6      | Found an opulent altar of Gozag.
  6562 | D:7      | Reached skill level 10 in Long Blades
  6725 | D:7      | Noticed Dowan
  6726 | D:7      | Noticed Duvessa
  6744 | D:7      | Killed Dowan
  6745 | D:7      | Killed Duvessa
  6745 | D:7      | Reached XP level 9. HP: 65/86 MP: 8/8
  6936 | D:7      | Found an iron altar of Okawaru.
  6950 | D:7      | Became a worshipper of Warmaster Okawaru
  6984 | D:7      | Found a staircase to the Ecumenical Temple.
  7253 | D:7      | Reached * piety under Okawaru
  7467 | D:8      | Identified the cursed +1 ring mail "Dinyolepn" {rPois rC+ rN+ Dex+4} (You found it on level 8 of the Dungeon)
  7706 | D:8      | Noticed a two-headed ogre
  7709 | D:8      | Killed a two-headed ogre
  7842 | D:8      | Found a shimmering altar of Xom.
  7851 | D:8      | Found a shimmering altar of Xom.
  7851 | D:8      | Found a shimmering altar of Xom.
  7884 | D:8      | Reached XP level 10. HP: 99/99 MP: 9/9
  8029 | D:8      | Reached ** piety under Okawaru
  8029 | D:8      | Reached skill level 4 in Armour
  8071 | D:8      | Found a staircase to the Lair.
  8432 | D:8      | Reached skill level 5 in Armour
  8442 | D:8      | Got a pitted hand axe
  8734 | D:8      | Noticed Gottschkopf's ghost (novice DrTm)
  8774 | D:8      | Killed Gottschkopf's ghost
  8774 | D:8      | Reached skill level 6 in Armour
  9039 | D:9      | Got a warped quarterstaff
  9206 | D:9      | Found a staircase to the Orcish Mines.
  9214 | D:9      | Found a roughly hewn altar of Beogh.
  9316 | D:9      | Reached skill level 7 in Armour
  9365 | D:9      | Reached *** piety under Okawaru
  9599 | D:9      | Found a burning altar of Makhleb.
  9956 | D:10     | Entered Level 10 of the Dungeon
 10087 | D:10     | Found Qishaq Duulu's Jewellery Emporium.
 10392 | D:10     | Reached skill level 8 in Armour
 10621 | D:10     | Killed an unseen horror
 10621 | D:10     | Reached **** piety under Okawaru
 10621 | D:10     | Reached XP level 11. HP: 94/107 MP: 10/10
 10701 | D:10     | Noticed a two-headed ogre
 10712 | D:10     | Killed a two-headed ogre
 10712 | D:10     | Reached skill level 9 in Armour
 11046 | Lair:1   | Entered Level 1 of the Lair of Beasts
 11322 | Lair:1   | Reached ***** piety under Okawaru
 11322 | Lair:1   | Reached skill level 1 in Dodging
 11452 | Lair:1   | Noticed a six-headed hydra
 11475 | Lair:1   | Killed a six-headed hydra
 11970 | Lair:1   | Identified the Incunabulum of Beguiling
 12250 | Lair:1   | Received a gift from Okawaru
 12250 | Lair:1   | Reached skill level 5 in Dodging
 13012 | Lair:1   | Received a gift from Okawaru
 13019 | Lair:1   | Identified the +8 hand axe of Overwhelming Force {chop, rF- Str+3 Stlth+} (You found it on level 8 of the Dungeon)
 13020 | Lair:1   | Identified the +4 quarterstaff of Ryommih {crush, rPois} (You found it on level 9 of the Dungeon)
 13208 | Lair:2   | Got an ancient dagger
 13277 | Lair:2   | Identified the +6 dagger of Patterns {pierce, rC++} (You found it on level 2 of the Lair of Beasts)
 13322 | Lair:2   | Found a staircase to the Shoals.
 13327 | Lair:2   | Reached XP level 12. HP: 98/118 MP: 11/11
 13619 | Lair:2   | Noticed a five-headed hydra
 13632 | Lair:2   | Killed a five-headed hydra
 14597 | Lair:3   | Found a glowing silver altar of Zin.
 14794 | Lair:3   | Found a hole to the Spider Nest.
 15068 | Lair:3   | Received a gift from Okawaru
 15818 | Lair:4   | Reached skill level 1 in Invocations
 16043 | Lair:4   | Reached skill level 15 in Fighting
 16200 | Lair:4   | Noticed a four-headed hydra
 16210 | Lair:4   | Killed a four-headed hydra
 16355 | Lair:4   | Noticed a seven-headed hydra
 16375 | Lair:4   | Killed a seven-headed hydra
 16376 | Lair:4   | Noticed an eight-headed hydra
 16381 | Lair:4   | Killed an eight-headed hydra
 16381 | Lair:4   | Received a gift from Okawaru
 16381 | Lair:4   | Reached skill level 10 in Dodging
 16971 | Lair:4   | Upgraded the game from 0.20-a0-463-g5747544 to 0.20-a0-466-gc52d0eb
 17018 | Lair:5   | Reached skill level 15 in Long Blades
 17129 | Lair:5   | Reached XP level 13. HP: 112/127 MP: 14/14
 18054 | Lair:5   | Found a runed door.
 18474 | Lair:5   | Lost mutation: You passively map a small area around you. [potion of cure mutation]
 18730 | Lair:6   | Entered Level 6 of the Lair of Beasts
 19071 | Lair:6   | Found a frozen archway.
 19081 | Lair:6   | Reached ****** piety under Okawaru
 19106 | Lair:6   | Reached skill level 5 in Invocations
 19128 | Lair:6   | Received a gift from Okawaru
 19190 | IceCv    | Entered an ice cave
 19939 | IceCv    | Got a polished broad axe
 19950 | IceCv    | Got an iridescent hunting sling
 19966 | IceCv    | Identified the +7 broad axe of the Slime-mould {pain, MP+9 Int-4 Stlth+} (You found it in an ice cave)
 19967 | IceCv    | Identified the +4 hunting sling "Jemenob" {flame, rElec rPois Int-3} (You found it in an ice cave)
 20221 | Lair:6   | Found a staircase to the Slime Pits.
 20686 | Lair:6   | Gained mutation: Scrolls take you a little longer to read. [a shining eye]
 20707 | Lair:6   | Received a gift from Okawaru
 20707 | Lair:6   | Reached XP level 14. HP: 137/137 MP: 17/17
 20734 | Lair:6   | Got a crystal double sword {god gift}
 20735 | Lair:6   | Identified the +1 double sword of Menimuck {venom, MR- Int+2 Stlth+} (Okawaru gifted it to you on level 6 of the Lair of Beasts)
 21455 | Lair:6   | Received a gift from Okawaru
 21456 | Lair:6   | Got a pair of warped gloves {god gift}
 21467 | Lair:6   | Identified the +1 pair of gloves of Eternity {rElec rPois Slay+5 Stlth-} (Okawaru gifted it to you on level 6 of the Lair of Beasts)
 21485 | Lair:6   | Got a pitted cloak
 21488 | Lair:6   | Identified the +0 cloak of Orae {-Cast rElec Str+10 Dex-4} (You found it on level 6 of the Lair of Beasts)
 21910 | Spider:1 | Entered Level 1 of the Spider Nest
 21919 | Spider:1 | Reached skill level 5 in Shields
 21924 | Lair:3   | Reached skill level 10 in Armour
 22836 | Spider:2 | Reached skill level 11 in Armour
 23323 | Spider:2 | Received a gift from Okawaru
 23584 | Spider:3 | Noticed Donald
 23592 | Spider:3 | Killed Donald
 23649 | Spider:3 | Reached skill level 12 in Armour
 23657 | Spider:3 | Noticed Arachne
 23670 | Spider:3 | Killed Arachne
 23670 | Spider:3 | Reached XP level 15. HP: 144/144 MP: 18/18
 23782 | Spider:3 | Received a gift from Okawaru
 23784 | Spider:3 | Got a scorched falchion {god gift}
 23878 | Spider:3 | Noticed Roxanne
 23944 | Spider:3 | Killed Roxanne
 23944 | Spider:3 | Reached skill level 10 in Shields
 24316 | Spider:3 | Reached skill level 13 in Armour
 24615 | Spider:3 | Received a gift from Okawaru
 24655 | Spider:3 | Noticed Asterion
 24668 | Spider:3 | Killed Asterion
 24868 | Spider:4 | Entered Level 4 of the Spider Nest
 25025 | Spider:4 | Killed a ghost moth
 25334 | Spider:4 | Paralysed by a hornet for 3 turns
 25361 | Spider:4 | Noticed dondy's ghost (adept MfVM)
 25835 | Spider:4 | Reached skill level 14 in Armour
 26151 | Spider:3 | Killed a ghost moth
 26485 | Spider:4 | Killed dondy's ghost
 26485 | Spider:4 | Received a gift from Okawaru
 26703 | Spider:4 | Reached skill level 15 in Armour
 26703 | Spider:4 | Reached XP level 16. HP: 100/151 MP: 19/19
 27800 | Spider:4 | Got a gossamer rune of Zot
 27996 | Shoals:1 | Entered Level 1 of the Shoals
 28191 | Shoals:1 | Reached skill level 16 in Armour
 28198 | Shoals:1 | Received a gift from Okawaru
 28471 | Shoals:1 | Cast into level 2 of the Abyss (merfolk)
 28490 | Abyss:2  | Found an ancient bone altar of Kikubaaqudgha.
 28506 | Shoals:1 | Escaped the Abyss
 29103 | Shoals:2 | Reached skill level 15 in Shields
 29390 | Shoals:2 | Noticed a kraken
 29406 | Shoals:2 | Killed a kraken
 29406 | Shoals:2 | Received a gift from Okawaru
 29728 | Shoals:2 | Reached skill level 17 in Armour
 30499 | Shoals:3 | HP: 6/226 [faun/uncursed spear[a satyr] (11)]
 30501 | Shoals:3 | Shot with an arrow by a satyr

Vault maps used:
D:1:      evilmike_arrival_plus, serial_bayou, serial_bayou_pond_c,
          serial_bayou_lagoon_a, serial_bayou_crossing, serial_bayou_shore_a,
          serial_bayou_pond_e
D:2:      wad_crossroads, first_bread
D:3:      nicolae_overflow_hidden_temple, hangedman_decor_points,
          grunt_ministairs_1
D:4:      kennysheep_the_goblin_king
D:5:      nicolae_tso_besieged_by_evil, uniq_crazy_yiuf_cottage
D:6:      grunt_temple_overflow_open, uniq_prince_ribbit1
D:7:      lemuel_round_altar, grunt_livestock, uniq_duvessa
D:8:      xom_redecorated, minmay_lair_entry_lava
D:9:      minmay_orc_entry_temple_small, basic_altar
D:10:     serial_shops, nicolae_shop_crystal
Lair:1:   st_stairs_3, beast_lair_carwin_11
Lair:2:   minmay_shoals_entry_centaurs
Lair:3:   spider_nest_entry_a, basic_altar
Lair:5:   minmay_lair_oklob_bushes, lookout_lair_type, pf_torpor_hydra,
          grunt_megastairs_2
Lair:6:   evilmike_catoblepas_cave, slime_dummy,
          portal_ice_cave_entry_pillars_2, grunt_forest_large_clearings
Shoals:1: cheibrodos_shoals_roost
Shoals:2: st_sunken_huts
Spider:1: spider_trap, guppyfry_spider_mini_1,
          hangedman_spider_tarantella_strand
Spider:3: uniq_roxanne, uniq_asterion, uniq_donald, uniq_arachne
Spider:4: guppyfry_spider_rune, nicolae_spider_cling_ruins
IceCv:    ice_cave_statue_garden_chambered

Skill      XL: |  1  2  3  4  5  6  7  8  9 10 11 12 13 14 15 16 |
---------------+-------------------------------------------------+-----
Fighting       | 4 5 6 7 8 10 12 13 14 15 16 | 16.2
Long Blades    | 3 5 6 8 10 12 13 14 15 16 | 16.2
Armour         | 8 9 12 15 17 | 17.2
Dodging        | 6 10 12 13 | 13.1
Invocations    | 3 6 |  6.4
Shields        | 9 13 15 | 15.6

Action                   |  1- 3 |  4- 6 |  7- 9 | 10-12 | 13-15 | 16-18 || total
-------------------------+-------+-------+-------+-------+-------+-------++-------
Melee: Long sword        |    93 |    93 |       |       |       |       ||   186
       Headbutt          |    10 |    33 |    50 |   142 |   335 |   133 ||   703
       Great sword       |       |    89 |   202 |   541 |   181 |       ||  1013
       Dagger            |       |       |       |    24 |    53 |       ||    77
       Triple sword      |       |       |       |       |   124 |       ||   124
       Double sword      |       |       |       |       |   575 |   439 ||  1014
Invok: Heroism           |       |       |       |     2 |     4 |     1 ||     7
       Finesse           |       |       |       |       |     3 |       ||     3
Evoke: Wand              |       |       |     1 |    13 |     5 |       ||    19
       Lamp of fire      |       |       |       |       |     1 |       ||     1
  Use: Scroll            |       |     8 |    14 |     7 |     6 |     2 ||    37
       Potion            |       |       |     5 |     4 |     4 |     5 ||    18
 Stab: Petrified         |       |       |       |       |     4 |       ||     4
       Invisible         |       |       |       |       |     1 |       ||     1
  Eat: Chunk             |     1 |     7 |    13 |    25 |    24 |    12 ||    82
       Pizza             |       |       |     1 |     1 |       |       ||     2
       Bread ration      |       |       |       |     1 |       |       ||     1
       Royal jelly       |       |       |       |       |     2 |       ||     2
       Beef jerky        |       |       |       |       |     2 |     1 ||     3
Armor: Scale mail        |    51 |    82 |     8 |       |       |       ||   141
       Plate armour      |       |       |   138 |   415 |   480 |   154 ||  1187
       Skin              |       |       |       |       |       |    12 ||    12
Dodge: Dodged            |    22 |    66 |    84 |   250 |   458 |   184 ||  1064
Block: Shield            |    56 |    45 |       |     7 |   445 |   374 ||   927
       Other             |       |       |    27 |    57 |    44 |       ||   128
       Reflection        |       |       |     2 |     1 |     4 |    37 ||    44
       Rpst.: Long sword |     6 |     6 |       |       |       |       ||    12
       Great sword       |       |     9 |    24 |    61 |    29 |       ||   123
       Triple sword      |       |       |       |       |    14 |       ||    14
       Double sword      |       |       |       |       |    50 |    30 ||    80
